 Dungeon Crawl Stone Soup version 0.21.1-1-g345015f (webtiles) character file.

536 Lapis the Digger (level 7, -5/55 HPs)
             Began as a Naga Earth Elementalist on Feb 12, 2018.
             Shot with an arrow by a centaur (9 damage)
             ... on level 4 of the Dungeon.
             The game lasted 00:05:54 (4127 turns).

Lapis the Digger (Naga Earth Elementalist)          Turns: 4127, Time: 00:05:55

Health: -5/55      AC:  4    Str: 11    XL:     7   Next: 25%
Magic:  10/14      EV:  9    Int: 17    God:
Gold:   167        SH:  0    Dex: 11    Spells: 5/15 levels left

rFire    . . .     SeeInvis +   l - +0 spear
rCold    . . .     Gourm    .   (no shield)
rNeg     . . .     Faith    .   c - +0 robe
rPois    +         Spirit   .   (no helmet)
rElec    .         Reflect  .   f - +0 cloak
rCorr    .         Harm     .   (no gloves)
MR       .....                  (no barding)
Stlth    ++........             (no amulet)
HPRegen  0.18/turn              (no ring)
MPRegen  0.14/turn              (no ring)

@: drained, very slow
A: large, see invisible, deformed body, poison resistance, slowness 2, slow
metabolism 1, spit poison 1, AC +2
a: Spit Poison


You were on level 4 of the Dungeon.
You were hungry.

You visited 1 branch of the dungeon, and saw 4 of its levels.

You collected 167 gold pieces.

Inventory:

Hand Weapons
 l - a +0 spear (weapon)
Missiles
 b - 66 stones (quivered)
 u - a throwing net
Armour
 c - a +0 robe (worn)
 f - a +0 cloak (worn)
Jewellery
 p - an uncursed ring of fire
 t - an uncursed amulet of harm
Wands
 y - a wand of flame (27)
Scrolls
 g - 5 scrolls of identify {unknown}
 h - 2 scrolls of amnesia {unknown}
 m - a scroll of noise {unknown}
 n - a scroll of magic mapping {unknown}
 q - 3 scrolls of enchant weapon {unknown}
 s - 2 scrolls of fog {unknown}
 w - a scroll of teleportation {unknown}
 x - a scroll of blinking {unknown}
Potions
 a - a potion of curing {unknown}
 i - a potion of agility {unknown}
 j - 2 potions of lignification {unknown}
 k - a potion of mutation {unknown}
 o - 3 potions of flight {unknown}
 r - a potion of heal wounds {unknown}
Books
 e - a book of Geomancy

   Spells                             Type                      Level
   a - Sandblast                      Earth                        1
   b - Passwall                       Transmutation/Earth          2
   c - Stone Arrow                    Conjuration/Earth            3
   d - Petrify                        Transmutation/Earth          4
   e - Lee's Rapid Deconstruction     Earth                        5
 v - a book of Maledictions

   Spells                             Type                      Level
   a - Corona                         Hexes                        1
   b - Ensorcelled Hibernation        Hexes/Ice                    2
   c - Confuse                        Hexes                        3
   d - Tukima's Dance                 Hexes                        3
   e - Dazzling Spray                 Conjuration/Hexes            3
Comestibles
 d - 6 rations


   Skills:
 - Level 1.1(0.8) Polearms
 - Level 1.5(1.2) Dodging
 - Level 3.0(2.6) Stealth
 - Level 0.4(0.0) Unarmed Combat
 + Level 4.7(4.3) Spellcasting
 * Level 3.0(2.6) Conjurations
 + Level 1.0(0.6) Transmutations
 + Level 5.3(4.9) Earth Magic


You had 5 spell levels left.
You knew the following spells:

 Your Spells              Type           Power        Failure   Level  Hunger
a - Sandblast             Erth           ###...       1%          1    None
b - Passwall              Tmut/Erth      ##........   8%          2    ##.....
c - Stone Arrow           Conj/Erth      ###...       10%         3    ###....
d - Petrify               Tmut/Erth      ##......     43%         4    ####...


Dungeon Overview and Level Annotations

Branches:
Dungeon (4/15)
 Temple: D:4-7

Altars:
Ashenzari
Dithmenos
Fedhas
Hepliaklqana
Wu Jian


Innate Abilities, Weirdness & Mutations

You cannot wear boots.
Your serpentine skin is tough. (AC +2)
You have supernaturally acute eyesight. (SInv)
Armour fits poorly on your strangely shaped body.
Your system is resistant to poisons. (rPois)
You cover ground very slowly.
You have a slow metabolism.
You can spit poison.


Message History

Casting: Sandblast
Confirm with . or Enter, or press ? or * to list all spells.
Aiming: Sandblast
Press: ? - help, Shift-Dir - straight line, f/p - centaur
Aim: a centaur, wielding a shortbow (heavily wounded)
The blast of sand hits the centaur.
The centaur is heavily wounded.
b - 67 stones The centaur shoots an arrow.
The arrow hits you!
* * * LOW HITPOINT WARNING * * *
Casting: Sandblast
Confirm with . or Enter, or press ? or * to list all spells.
Aiming: Sandblast
Press: ? - help, Shift-Dir - straight line, f/p - centaur
Aim: a centaur, wielding a shortbow (heavily wounded)
The blast of sand hits the centaur.
The centaur is almost dead.
b - 66 stones The centaur shoots an arrow.
The arrow hits you!
You die...

.. .....
.. #####
##. .. J#
###†#
#.c†# ..
#†### ..
#@# #.#
#.# ##.#
#.# #..
#..# #.#
#.####.##
#.#
#.>#...#
#.#
#...####
#.#
##..#..
#.#
#..#.#
#.#
#..#.#
###..


You could see a centaur and an ooze.

Vanquished Creatures
  Sigmund (D:2)
  2 phantoms (D:4)
  A bullfrog skeleton (D:3)
  10 adders
  A worm (D:2)
  2 dart slugs
  4 leopard geckos
  4 orcs (D:3)
  A ball python (D:2)
  2 giant cockroaches (D:2)
  11 goblins
  4 hobgoblins
  7 jackals
  A quokka (D:3)
  7 bats
  6 frilled lizards
  12 kobolds
  12 rats
88 creatures vanquished.

Notes
Turn   | Place    | Note
-------+----------+-------------------------------------------
     0 | D:1      | Lapis the Naga Earth Elementalist began the quest for the Orb.
     0 | D:1      | Reached XP level 1. HP: 15/15 MP: 3/3
   375 | D:1      | Reached XP level 2. HP: 11/22 MP: 1/5
   421 | D:1      | Learned a level 2 spell: Passwall
  1043 | D:1      | Reached XP level 3. HP: 23/28 MP: 6/6
  1354 | D:2      | Learned a level 3 spell: Stone Arrow
  1380 | D:2      | Noticed Sigmund
  1468 | D:2      | Killed Sigmund
  1468 | D:2      | Reached skill level 1 in Conjurations
  1468 | D:2      | Reached skill level 4 in Earth Magic
  1468 | D:2      | Reached XP level 4. HP: 26/36 MP: 0/9
  1468 | D:2      | Reached XP level 5. HP: 31/42 MP: 0/10
  1755 | D:2      | Learned a level 4 spell: Petrify
  1803 | D:2      | Reached skill level 1 in Polearms
  1890 | D:2      | Reached XP level 6. HP: 5/49 MP: 2/11
  2377 | D:2      | Found a hazy altar of Hepliaklqana.
  2452 | D:3      | Found a shadowy altar of Dithmenos.
  2758 | D:3      | Found a blossoming altar of Fedhas.
  3815 | D:4      | Noticed a phantom
  3825 | D:4      | Found an ornate altar of the Wu Jian Council.
  3829 | D:4      | Killed a phantom
  3829 | D:4      | Reached skill level 5 in Earth Magic
  3832 | D:4      | Reached XP level 7. HP: 32/55 MP: 3/13
  3925 | D:4      | Found a shattered altar of Ashenzari.
  4127 | D:4      | Shot with an arrow by a centaur

Skill      XL: |  1  2  3  4  5  6  7 |
---------------+----------------------+-----
Spellcasting   | 3 4 |  4.7
Conjurations   | 1 2 3 |  3.0
Earth Magic    | 4 5 |  5.3
Polearms       | 1 |  1.1
Dodging        | |  1.5
Stealth        | |  3.0
Unarmed Combat | |  0.4
Transmutations | |  1.0

Action                   |  1- 3 |  4- 6 |  7- 9 || total
-------------------------+-------+-------+-------++-------
Melee: Unarmed           |    42 |       |       ||    42
       Spear             |    64 |   143 |     9 ||   216
 Cast: Sandblast         |    22 |    51 |    16 ||    89
 Abil: Spit Poison       |       |     2 |       ||     2
 Stab: Sleeping          |     5 |     4 |       ||     9
       Distracted        |       |     1 |       ||     1
  Eat: Chunk             |     1 |     6 |     1 ||     8
Armor: Robe              |    41 |    60 |    10 ||   111
Dodge: Dodged            |    71 |   104 |    15 ||   190
